 Dungeon Crawl Stone Soup version 0.30-a0-738-g116ff8c4af (webtiles) character file.

Game seed: 10976549952104762425

52 Armakuni the Conjurer (level 3, 0/26 HPs)
             Began as a Draconian Conjurer on Feb 3, 2023.
             Slain by a scorpion (6 damage)
             ... on level 3 of the Dungeon.
             The game lasted 00:06:35 (1560 turns).

Armakuni the Conjurer (Draconian Conjurer)          Turns: 1560, Time: 00:06:35

Health: 0/26       AC:  5    Str:  9    XL:     3   Next: 60%
Magic:  0/6        EV: 12    Int: 20    God:
Gold:   91         SH:  0    Dex:  9    Spells: 3/6 levels left

rFire   . . .      SeeInvis .    a - +0 whip (elec)
rCold   . . .      Faith    .    (no shield)
rNeg    . . .      Spirit   .    (body armour unavailable)
rPois   .          Reflect  .    f - +0 hat
rElec   .          Harm     .    (no cloak)
rCorr   .          Rampage  .    (no gloves)
Will    .....                    (no boots)
Stlth   ++                       (no amulet)
HPRegen 0.24/turn                (no ring)
MPRegen 0.10/turn                (no ring)

@: no status effects
A: AC +5, unfitting armour, cold-blooded
a: no special abilities


You were on level 3 of the Dungeon.
You visited 1 branch of the dungeon, and saw 3 of its levels.

You collected 91 gold pieces.

Inventory:

Hand Weapons
 a - a +0 whip of electrocution (weapon)
Missiles
 b - 5 poisoned darts
 c - 2 javelins
Armour
 f - a +0 hat (worn)
Scrolls
 j - a scroll of butterflies
 l - a scroll of vulnerability
 m - a scroll of poison {unknown}
Potions
 d - a potion of cancellation {unknown}
 e - a potion of magic
 g - 2 potions of curing
 k - a potion of brilliance {unknown}


   Skills:
 - Level 1.7 Dodging
 - Level 1.7 Stealth
 - Level 2.0 Spellcasting
 + Level 5.4 Conjurations


You had 3 spell levels left.
You knew the following spells:

 Your Spells              Type           Power      Damage    Failure   Level
a - Magic Dart            Conj           92%        1d7       1%          1
z - Searing Ray           Conj           46%        2d6       2%          2

Your spell library contained the following spells:

 Spells                   Type           Power      Damage    Failure   Level
 Dazzling Flash           Conj/Hex       24%        N/A       16%         3
 Fulminant Prism          Conj/Hex       6%         3d7       45%         4
 Iskenderun's Mystic Bla  Conj/Tloc      12%        2d5       45%         4


Dungeon Overview and Level Annotations

Branches:
Dungeon (3/15)

Altars:
Ashenzari

Shops:
D:1 *


Innate Abilities, Weirdness & Mutations

Your plain brown scales are hard. (AC +5)
You cannot fit into any form of body armour.
You are cold-blooded and may be slowed by cold attacks.


Message History

Found a book of Burglary.
A scorpion comes into view.
Okay, then.
Unknown command.
Aiming: Searing Ray (safe; 2% risk of failure)
Press: ? - help, Q - select action, (/) - cycle Shift-Dir - straight line, f - scorpion
Aim: a scorpion (78% to hit)
The searing ray hits the scorpion but does no damage. (Press . to maintain the ray.)
The searing ray hits the scorpion.
The scorpion is moderately wounded.
The searing ray hits the scorpion.
The scorpion is severely wounded.
The scorpion stings you.
You are poisoned.
The scorpion poisons you!
The searing ray hits the scorpion.
The scorpion is almost dead.
You finish channelling your searing ray.
You feel sick. The scorpion stings you!
You closely miss the scorpion.
You tail-slap the scorpion, but do no damage.
The scorpion is almost dead.
You feel sick. The scorpion barely misses you.
You barely miss the scorpion.
The scorpion is almost dead.
You feel sick. The scorpion completely misses you. The scorpion stings you.
* * * LOW HITPOINT WARNING * * *
It was a potion of curing.
You feel better. The scorpion stings you.
* * * LOW HITPOINT WARNING * * *
Unknown command.
Casting: Searing Ray (safe; 2% risk of failure)
Confirm with . or Enter, or press ? or * to list all spells.
Aiming: Magic Dart (safe; 1% risk of failure)
Press: ? - help, Shift-Dir - straight line, f/p - scorpion
Aim: a scorpion (almost dead, 100% to hit)
The magic dart hits the scorpion but does no damage.
The scorpion is almost dead.
The scorpion stings you.
You die...

#.#.........
#.#.#.......#
#.#.........# .
#####.#.........#.#
#..<#..............
#.###.............#
#†##...............
#.#................
+..........@...:...
#...........s......
.......................
.......................
........................
........................
........................
###.....................
#..#....>........


You could see a scorpion.

Vanquished Creatures
  2 adders (D:2)
  3 bats
  2 endoplasms (D:1)
  A giant cockroach (D:3)
  2 hobgoblins
  8 jackals
  2 quokkas
  A frilled lizard (D:1)
  2 goblins
  4 kobolds
  3 rats
30 creatures vanquished.

Notes
Turn   | Place    | Note
-------+----------+-------------------------------------------
     0 | D:1      | Armakuni the Draconian Conjurer began the quest for the
                  | Orb.
     0 | D:1      | Reached XP level 1. HP: 14/14 MP: 3/3
    28 | D:1      | Found Vuigys's General Store.
   292 | D:1      | Reached XP level 2. HP: 20/20 MP: 0/5
   435 | D:1      | Found a faded altar of an unknown god.
   445 | D:1      | Learned a level 2 spell: Searing Ray
   802 | D:2      | Found a broken altar of Ashenzari.
   907 | D:2      | Reached skill level 5 in Conjurations
   907 | D:2      | Reached XP level 3. HP: 26/26 MP: 1/6
  1550 | D:3      | Noticed a scorpion
  1560 | D:3      | Slain by a scorpion

Illustrated notes

Levels and vault maps discovered:
D:1:      dpeg_arrival_simpleton_a, layout_loops_ring, serial_shops, shop,
          shapermc_ecumenical_altar_pompeii, hangedman_feature_mirror,
          corexii_corridor_pit, kennysheep_nondescript
D:2:      layout_basic, basic_altar, moated_statue
D:3:      layout_basic, mainiacjoe_overflow_concentric_impassable, slow_altar_1

Skill      XL: |  1  2 |
---------------+-------+-----
Conjurations   | 5 |  5.4
Dodging        | |  1.7
Stealth        | |  1.7
Spellcasting   | |  2.0

Action                     || total
---------------------------++-------
  Melee: Whip              ||    40
         Tailslap          ||     4
   Cast: Magic Dart        ||    18
         Searing Ray       ||     8
    Use: Scroll            ||     4
         Potion            ||     1
   Stab: Sleeping          ||     1
 Armour: Skin              ||    14
  Dodge: Dodged            ||    31

Table legend: (Time is in decaauts)
 A = Elapsed time spent in this place.
 B = Non-inter-level travel time spent in this place.
 C = Inter-level travel time spent in this place.
 D = Time resting spent in this place.
 E = Time spent auto-exploring this place.
 F = Levels seen in this place.
 G = Mean time per level.
                   A        B        C        D        E       F      G
               +--------+--------+--------+--------+--------+-----+--------+
         Total |   1566 |   1266 |    300 |    184 |    210 |   3 |  522.0 |
       Dungeon |   1566 |   1266 |    300 |    184 |    210 |   3 |  522.0 |
               +--------+--------+--------+--------+--------+-----+--------+

Top non-repeatable levels by time:
     D:1: 802 daAuts
     D:2: 732 daAuts
     D:3: 31 daAuts
